 Dungeon Crawl Stone Soup version 0.20-a0-274-g7b51309 (webtiles) character file.

53150 AlphabetPasta the Basher (level 14, -5/88 HPs)
             Began as a Gargoyle Berserker on Dec 10, 2016.
             Was the Champion of Trog.
             Killed from afar by an ogre mage (54 damage)
             ... with a crystal spear
             ... on level 1 of the Orcish Mines on Dec 11, 2016.
             The game lasted 01:26:15 (16103 turns).

AlphabetPasta the Basher (Gargoyle Berserker)      Turns: 16103, Time: 01:26:15

Health: -5/88      AC: 31    Str: 23    XL:     14   Next: 67%
Magic:  18/18      EV:  9    Int:  9    God:    Trog [******]
Gold:   1296       SH: 35    Dex: 11    Spells: 13/13 levels left

rFire  . . .     SeeInvis +     a - +10 demon whip of Demonkind {elec, +Blink}
rCold  . . .     Gourm    .     D - +0 plate armour
rNeg   + + .     Faith    .     z - +18 shield of the Gong {rElec rN+ MR+ EV-5}
rPois  ∞         Spirit   .     m - +0 helmet
rElec  +         Reflect  +     r - +0 cloak
rCorr  .         Harm     .     C - +0 pair of gloves
MR     ++...                    s - +1 pair of boots
Stlth  ..........               y - +6 amulet of reflection
                                M - +5 ring of evasion
                                X - ring of see invisible

@: exhausted, slowed, very slow
A: big wings, negative energy resistance 1, electricity resistance, unbreathing,
petrification resistance, rot immunity, AC +9
a: Fly, Berserk, Trog's Hand, Brothers in Arms, Burn Spellbooks, Renounce
Religion, Evoke Blink


You were on level 1 of the Orcish Mines.
You worshipped Trog.
Trog was exalted by your worship.
You were hungry.

You visited 3 branches of the dungeon, and saw 19 of its levels.
You also visited: Ossuary.

You collected 1415 gold pieces.
You spent 119 gold pieces at shops.

Inventory:

Hand Weapons
 a - the +10 demon whip of Demonkind (weapon) {elec, +Blink}
   (Trog gifted it to you on level 10 of the Dungeon)

   Occasionally, upon striking a foe, it will discharge some electrical energy
   and cause terrible harm.
   It lets you blink.
 b - a +0 blowgun
 c - a +3 flail of holy wrath
 A - a +4 morningstar
Missiles
 F - 30 tomahawks (quivered)
 R - 10 javelins of penetration
 V - 15 curare-tipped needles
Armour
 m - a +0 helmet (worn)
 r - a +0 cloak (worn)
 s - a +1 pair of boots (worn)
 z - the +18 shield of the Gong (worn) {rElec rN+ MR+ EV-5}
   (You found it on level 7 of the Dungeon)

   It affects your evasion (-5).
   It insulates you from electricity.
   It protects you from negative energy.
   It affects your resistance to hostile enchantments.
 C - a +0 pair of gloves (worn)
 D - a +0 plate armour (worn)
 O - a +0 shield
Rods
 t - a +1 rod of clouds (10/10)
   (You found it on level 8 of the Dungeon)
Jewellery
 e - an uncursed ring of flight
 q - an uncursed ring of positive energy
 w - the ring of Jaawk {rElec rC+}
   (You found it on level 5 of the Dungeon)

   [ring of protection from cold]

   It protects you from cold.
   It insulates you from electricity.
 x - an uncursed ring of protection from cold
 y - a +6 amulet of reflection (around neck)
 M - a +5 ring of evasion (right hand)
 S - an uncursed ring of resist corrosion
 X - a ring of see invisible (left hand)
Wands
 f - a wand of lightning (5/15)
 u - a wand of flame (16/48)
Scrolls
 g - 5 scrolls of enchant armour
 k - 5 scrolls of remove curse
 l - 3 scrolls of fear
 E - 2 scrolls of recharging
 G - 6 scrolls of teleportation
 J - 9 scrolls of identify
 Q - 2 scrolls of fog
 T - a scroll of blinking
Potions
 d - 8 potions of curing
 h - 6 potions of heal wounds
 o - 2 potions of ambrosia
 p - 4 potions of haste
 v - 2 potions of agility
 B - 3 potions of cancellation
 I - 2 potions of cure mutation
 Z - 2 potions of might
Miscellaneous
 H - a phantom mirror
Comestibles
 i - a royal jelly
 j - 30 fruits
 n - 6 chunks of flesh
 K - 3 slices of pizza
 N - 6 meat rations
 P - 24 beef jerkies
 U - 13 bread rations


   Skills:
 + Level 10.8 Fighting
 * Level 13.5 Maces & Flails
 + Level 8.5 Throwing
 + Level 10.7 Armour
 + Level 8.3 Dodging
 + Level 9.1 Shields
 + Level 6.0 Evocations


You had 13 spell levels left.
You didn't know any spells.

Dungeon Overview and Level Annotations

Branches:
Dungeon (12/15)            Temple (0/1) D:5            Lair (6/6) D:8
  Swamp (0/4) Lair:3       Spider (0/4) Lair:3        Slime (0/5) Lair:5
    Orc (1/2) D:11

Altars:
Elyvilon
Gozag
Makhleb
Okawaru
Uskayaw
The Shining One

Shops:
D:4 !   D:6 [   D:8 (


Innate Abilities, Weirdness & Mutations

You are resistant to torment.
Your stone body is resilient. (AC +9)
You are immune to poison.
Your large and strong wings let you fly indefinitely.
You resist negative energy. (rN+)
You are resistant to electric shocks. (rElec)
You can survive without breathing.
You are immune to petrification.
You are immune to rotting.


Message History

You barely miss the orc.
An ogre comes into view. It is wielding a giant spiked club.
You thrash the orc!!
You kill the orc!
Trog accepts your kill. You block the ogre's attack.
BOUMMMMG!
You hear a shout!
An ogre mage comes into view.
You whack the ogre!
There is a sudden explosion of sparks!
The ogre is almost dead.
You thrash the ogre!!
There is a sudden explosion of sparks!
You kill the ogre!
Trog accepts your kill.
You thrash the ogre!!
There is a sudden explosion of sparks!
You kill the ogre!
Trog accepts your kill.
The ogre mage gestures at you while chanting.
The crystal spear hits you!
Ouch! That really hurt!
You die...

........ ......###
.......####.
......#.... ..
#.......... #....
#.......... #$...
#.......... .....#
##.@O......
#.....##).)####o##
...>...#))##
.......)[##
#.....))#
#.>....[#
##......#
##......##
#.......).##


You could see an ogre mage and an orc warrior.

Vanquished Creatures
  2 catoblepae
  6 hydras
  A death knight (D:12)
  Erica (Lair:1)
  A death yak (Lair:6)
  Urug (Lair:5)
  Sonja (Lair:3)
  Nergalle (Orc:1)
  3 unseen horrors
  6 hill giants
  2 ugly things
  2 orc sorcerers (Orc:1)
  4 oklob plants (Lair:6)
  A black mamba (Lair:6)
  7 spiny frogs
  A centaur skeleton (D:10)
  8 komodo dragons
  Psyche (D:8)
  A rime drake (Lair:4)
  6 trolls
  4 raiju (Lair:6)
  Grinder (D:4)
  A hornet (D:10)
  A two-headed ogre (D:12)
  12 blink frogs
  9 polar bears (Lair:6)
  7 hippogriffs
  A spriggan (D:9)
  29 yaks
  A hungry ghost (D:9)
  A basilisk (Lair:3)
  4 vampire mosquitoes (Lair:3)
  A steam dragon (D:8)
  4 wargs (Lair:6)
  Edmund (D:4)
  6 water moccasins
  13 hell hounds (Lair:6)
  10 porcupines
  4 sky beasts
  A swamp drake (D:11)
  5 ice beasts
  6 necrophages
  9 orc warriors
  7 ogres
  17 black bears
  A phantom (D:11)
  11 centaurs
  An eye of draining (D:11)
  18 wolves
  12 crocodiles
  2 big kobolds
  18 bullfrogs
  2 gnoll sergeants (D:12)
  A wyvern skeleton (D:8)
  The ghost of chequers the Poker, a weakling MiMo (D:4)
  11 scorpions
  19 killer bees
  16 wights
  4 howler monkeys
  3 bullfrog zombies
  6 crimson imps
  4 hounds
  16 orc wizards
  5 centaur zombies
  21 orc priests
  15 jellies
  5 bullfrog skeletons
  3 iron imps (D:8)
  6 iguanas
  2 worker ants (D:5)
  A killer bee zombie (D:6)
  2 big kobold zombies (Ossuary)
  A hound zombie (D:8)
  3 hound skeletons
  A howler monkey zombie (D:5)
  3 mummies (Ossuary)
  A worker ant zombie (D:7)
  8 gnolls (D:12)
  3 scorpion zombies (Ossuary)
  8 adders
  2 shadow imps
  An ooze (D:1)
  An adder zombie (D:8)
  A worm (D:3)
  An adder skeleton (D:4)
  3 dart slugs
  3 leopard geckos
  93 orcs
  5 bats
  5 giant cockroaches
  3 gnoll zombies (Ossuary)
  8 hobgoblins
  8 jackals
  14 kobolds
  2 quokkas
  2 ball pythons
  2 frilled lizards
  6 goblins
  3 goblin zombies (Ossuary)
  2 hobgoblin zombies (Ossuary)
  A jackal skeleton (D:4)
  2 kobold zombies (Ossuary)
  3 orc zombies (Ossuary)
  5 rats
621 creatures vanquished.

Vanquished Creatures (collateral kills)
  An orc (D:7)
1 creature vanquished.

Vanquished Creatures (others)
  A necrophage (Lair:5)
  13 fungi
  17 plants
31 creatures vanquished.

Grand Total: 653 creatures vanquished

Notes
Turn   | Place    | Note
-------+----------+-------------------------------------------
     0 | D:1      | AlphabetPasta the Gargoyle Berserker began the quest for the Orb.
     0 | D:1      | Reached XP level 1. HP: 14/14 MP: 1/1
   167 | D:1      | Reached XP level 2. HP: 16/19 MP: 2/2
   440 | D:1      | Reached XP level 3. HP: 23/23 MP: 3/3
  1091 | D:2      | Reached ** piety under Trog
  1091 | D:2      | Reached XP level 4. HP: 24/28 MP: 4/4
  1198 | D:2      | Found an opulent altar of Gozag.
  1212 | D:2      | Found a white marble altar of Elyvilon.
  1587 | D:2      | Reached skill level 1 in Throwing
  2378 | D:3      | Reached skill level 4 in Maces & Flails
  2385 | D:3      | Reached XP level 5. HP: 31/33 MP: 5/5
  2590 | D:4      | Reached XP level 6. HP: 38/38 MP: 6/6
  2770 | D:4      | Noticed chequers's ghost (weakling MiMo)
  2781 | D:4      | Killed chequers's ghost
  2781 | D:4      | Reached skill level 5 in Maces & Flails
  2835 | D:4      | Got a bloodstained robe
  2846 | D:4      | Identified the cursed +1 robe "Soun" {rF- MR+ Str-5 Dex+8} (You found it on level 4 of the Dungeon)
  2943 | D:4      | Noticed Edmund
  2952 | D:4      | Killed Edmund
  2952 | D:4      | Reached XP level 7. HP: 44/44 MP: 7/7
  3014 | D:4      | Noticed Grinder
  3037 | D:4      | Killed Grinder
  3037 | D:4      | Reached skill level 5 in Fighting
  3175 | D:4      | Reached *** piety under Trog
  3379 | D:4      | Found Adosopha's Distillery.
  3383 | D:4      | Reached XP level 8. HP: 45/49 MP: 8/8
  3388 | D:4      | Bought a potion of lignification for 30 gold pieces
  3388 | D:4      | Bought a potion of agility for 40 gold pieces
  3411 | D:5      | Entered Level 5 of the Dungeon
  3492 | D:5      | Reached skill level 6 in Maces & Flails
  3556 | D:5      | Found a glowing golden altar of the Shining One.
  3651 | D:5      | Found a hide-covered altar of Uskayaw.
  3674 | D:5      | Got a translucent jade ring
  3675 | D:5      | Identified the ring of Jaawk {rElec rC+} (You found it on level 5 of the Dungeon)
  3960 | D:5      | Found a staircase to the Ecumenical Temple.
  4432 | D:6      | Reached skill level 5 in Armour
  4622 | D:6      | Reached skill level 7 in Maces & Flails
  4622 | D:6      | Reached XP level 9. HP: 46/55 MP: 9/9
  4632 | D:6      | Reached **** piety under Trog
  4633 | D:6      | Found an iron altar of Okawaru.
  4840 | D:7      | Reached skill level 1 in Shields
  5721 | D:8      | Found a sand-covered staircase.
  5729 | Ossuary  | Entered an ossuary
  5839 | Ossuary  | Reached skill level 8 in Maces & Flails
  5988 | Ossuary  | Reached ***** piety under Trog
  6137 | D:8      | Noticed Psyche
  6146 | D:8      | Killed Psyche
  6146 | D:8      | Reached skill level 5 in Dodging
  6146 | D:8      | Reached XP level 10. HP: 63/63 MP: 10/10
  6151 | D:8      | Found a staircase to the Lair.
  6512 | D:8      | Found Akic's Antique Weapon Emporium.
  6636 | D:8      | Found a burning altar of Makhleb.
  6654 | D:8      | Received a gift from Trog
  6832 | D:9      | Reached skill level 9 in Maces & Flails
  6832 | D:9      | Reached skill level 5 in Throwing
  7385 | D:9      | Reached XP level 11. HP: 59/68 MP: 11/11
  7734 | D:10     | Entered Level 10 of the Dungeon
  7907 | D:10     | Reached skill level 10 in Maces & Flails
  7986 | D:10     | Killed an unseen horror
  7986 | D:10     | Reached skill level 5 in Shields
  8172 | D:10     | Received a gift from Trog
  8190 | D:10     | Noticed a hill giant
  8196 | D:10     | Got a twisted demon whip {god gift}
  8197 | D:10     | Identified the +10 demon whip of Demonkind {elec, +Blink} (Trog gifted it to you on level 10 of the Dungeon)
  8414 | D:10     | Reached skill level 1 in Evocations
  8499 | D:10     | Killed a hill giant
  8712 | D:10     | Noticed a hill giant
  8718 | D:10     | Killed a hill giant
  8738 | D:10     | Noticed a hill giant
  8745 | D:10     | Killed a hill giant
  8929 | D:11     | Noticed a hill giant
  8938 | D:11     | Killed a hill giant
  9000 | D:11     | Reached XP level 12. HP: 75/75 MP: 13/13
  9388 | D:11     | Reached skill level 11 in Maces & Flails
  9434 | D:11     | Found a staircase to the Orcish Mines.
  9806 | D:12     | Found a glowing golden altar of the Shining One.
  9862 | D:12     | Reached ****** piety under Trog
 10052 | D:12     | Noticed a death knight
 10072 | D:12     | Killed a death knight
 10072 | D:12     | Received a gift from Trog
 10417 | D:12     | Received a gift from Trog
 10942 | D:6      | Found Astiurphi's Armour Emporium.
 10947 | D:6      | Bought a +0 pair of gloves for 49 gold pieces
 11238 | Lair:1   | Entered Level 1 of the Lair of Beasts
 11449 | Lair:1   | Noticed Erica
 11454 | Lair:1   | Killed Erica
 11550 | Lair:1   | Identified a +1 rod of clouds (10/10) (You found it on level 8 of the Dungeon)
 11887 | Lair:2   | Reached XP level 13. HP: 80/80 MP: 16/16
 11932 | Lair:2   | Received a gift from Trog
 12523 | Lair:3   | Reached skill level 12 in Maces & Flails
 12557 | Lair:3   | Noticed Sonja
 12574 | Lair:3   | Found a staircase to the Swamp.
 12588 | Lair:3   | Killed Sonja
 12594 | Lair:3   | Received a gift from Trog
 13025 | Lair:3   | Found a hole to the Spider Nest.
 13269 | Lair:4   | Reached skill level 10 in Fighting
 13897 | Lair:5   | Reached skill level 10 in Armour
 13902 | Lair:5   | Noticed Urug
 13919 | Lair:5   | Reached skill level 5 in Evocations
 14098 | Lair:5   | Found a staircase to the Slime Pits.
 14122 | Lair:5   | Killed Urug
 14744 | Lair:6   | Entered Level 6 of the Lair of Beasts
 14784 | Lair:6   | Gained mutation: Your large and strong wings let you fly indefinitely. [Gargoyle growth]
 14784 | Lair:6   | Reached XP level 14. HP: 86/88 MP: 17/17
 14832 | Lair:6   | Received a gift from Trog
 14860 | Lair:6   | Reached skill level 13 in Maces & Flails
 15254 | Lair:6   | Received a gift from Trog
 15378 | Lair:6   | Received a gift from Trog
 16011 | Orc:1    | Entered Level 1 of the Orcish Mines
 16051 | Orc:1    | Noticed Nergalle
 16069 | Orc:1    | Killed Nergalle
 16103 | Orc:1    | Killed from afar by an ogre mage

Vault maps used:
D:1:      eino_arrival_water_star
D:2:      overflow_temple_1_default, elyvilon_altar_5
D:3:      first_bread
D:4:      serial_shops, shop, uniq_edmund, uniq_grinder
D:5:      basic_altar, kennysheep_small_spiral, tso_metal_star
D:6:      okawaru_trees_2, serial_shops, shop
D:8:      demons_altar, due_lair_maze_entry_diamond, nicolae_ossuary_entry_plus,
          serial_shops, nicolae_shop_trees, minmay_misc_feat_square, uniq_psyche
D:9:      the_bakery
D:11:     erik_orc_1
D:12:     basic_altar, minmay_crystal_room
Lair:1:   uniq_erica
Lair:3:   minmay_swamp_entry_swarm, dummy_spider_entry,
          nicolae_lair_grove_arrangements, lemuel_fruit_tree, uniq_sonja
Lair:4:   lemuel_fruit_fields
Lair:5:   minmay_slime_entry_jelly_boxes, roderic_carrion_pond,
          grunt_megastairs_2, uniq_urug
Lair:6:   hangedman_lair_caniforms_friends, grunt_megastairs_1,
          minmay_lair_oklob_chamber
Orc:1:    basic_altar, mines4_lemuel, uniq_nergalle
Ossuary:  ossuary_minmay_scorpions

Skill      XL: |  1  2  3  4  5  6  7  8  9 10 11 12 13 14 |
---------------+-------------------------------------------+-----
Dodging        | 2 3 4 5 6 7 8 |  8.3
Armour         | 3 4 5 6 7 8 9 10 | 10.7
Throwing       | 1 2 3 4 5 6 7 8 |  8.5
Maces & Flails | 4 5 7 8 9 10 11 12 13 | 13.5
Fighting       | 4 5 6 7 8 9 10 | 10.8
Shields        | 2 4 5 7 8 9 |  9.1
Evocations     | 2 4 5 6 |  6.0

Action                   |  1- 3 |  4- 6 |  7- 9 | 10-12 | 13-15 || total
-------------------------+-------+-------+-------+-------+-------++-------
Melee: Mace              |    80 |   181 |       |       |       ||   261
       Flail             |       |       |   475 |   441 |       ||   916
       Demon whip        |       |       |       |   383 |   630 ||  1013
 Fire: Blowgun           |       |       |       |    10 |     7 ||    17
Throw: Tomahawk          |       |       |     7 |    23 |    35 ||    65
       Javelin           |       |       |       |       |     2 ||     2
Invok: Berserk           |     2 |     4 |     4 |     6 |     2 ||    18
       Burn Spellbooks   |       |       |     1 |       |       ||     1
       Brothers in Arms  |       |       |     1 |       |       ||     1
  Use: Scroll            |     4 |     4 |     9 |    14 |     5 ||    36
       Potion            |       |     1 |       |     2 |       ||     3
 Stab: Invisible         |       |       |       |     1 |       ||     1
       Petrified         |       |       |       |       |     2 ||     2
  Eat: Chunk             |     3 |     8 |    13 |    20 |    11 ||    55
       Fruit             |       |     1 |       |     1 |       ||     2
       Meat ration       |       |       |     1 |       |       ||     1
       Beef jerky        |       |       |       |     1 |       ||     1
       Royal jelly       |       |       |       |       |     1 ||     1
       Pizza             |       |       |       |       |     1 ||     1
Armor: Animal skin       |     8 |       |       |       |       ||     8
       Chain mail        |    45 |   117 |   174 |       |       ||   336
       Plate armour      |       |       |    87 |   353 |    98 ||   538
Dodge: Dodged            |    32 |    78 |   162 |   461 |    66 ||   799
Block: Other             |       |       |    97 |   191 |       ||   288
       Reflection        |       |       |     1 |     8 |    15 ||    24
       Shield            |       |       |       |   116 |   632 ||   748
